 Dungeon Crawl Stone Soup version 0.30-a0-141-g30f27751c5 (webtiles) character file.

Game seed: 10786032116536799865

8092 qw the Cleaver (level 11, -10/69 HPs)
             Began as a Gargoyle Fighter on Sept 24, 2022.
             Mangled by a death yak (14 damage)
             ... on level 9 of the Dungeon.
             The game lasted 00:04:12 (9053 turns).

qw the Cleaver (Gargoyle Fighter)                   Turns: 9053, Time: 00:04:12

Health: -10/69     AC: 30    Str: 23    XL:     11   Next: 25%
Magic:  0/11       EV:  4    Int: 10    God:
Gold:   276        SH:  4    Dex:  9    Spells: 10/10 levels left

rFire   . . .      SeeInvis .    h - +3 war axe (vamp)
rCold   + . .      Faith    .    c - +0 buckler
rNeg    + . .      Spirit   +    g - +1 crystal plate armour
rPois   inf        Reflect  .    (no helmet)
rElec   +          Harm     .    (no cloak)
rCorr   .          Rampage  .    (no gloves)
Will    .....                    p - +0 pair of boots
Stlth   ..........               v - amulet of guardian spirit
HPRegen 0.21/turn                i - ring of protection from cold
MPRegen 0.12/turn                o - +4 ring of slaying {mikee}

@: about to teleport
A: sickness immunity, AC +8, negative energy resistance 1, electricity
resistance, torment resistance 1, petrification resistance
a: no special abilities


You were on level 9 of the Dungeon.
You visited 1 branch of the dungeon, and saw 9 of its levels.
You also visited: Ossuary.

You collected 472 gold pieces.
You spent 196 gold pieces at shops.


Innate Abilities, Weirdness & Mutations

You are immune to sickness and miasma.
Your stone body is resilient. (AC +8)
You are immune to poison.
You resist negative energy. (rN+)
You are resistant to electric shocks. (rElec)
You are resistant to unholy torment.
You are immune to petrification.


   Skills:
 + Level 8.6 Fighting
 - Level 11.2 Axes
 - Level 3.2 Throwing
 - Level 9.6 Armour
 - Level 1.1 Dodging
 - Level 5.1 Shields


You had 10 spell levels left.
You didn't know any spells.
Your spell library was empty.

Inventory:

Hand Weapons
 h - a +3 vampiric war axe (weapon)
 m - a +0 morningstar
Missiles
 l - 5 javelins (quivered)
 s - 2 silver boomerangs
 t - a boomerang
Armour
 c - a +0 buckler (worn)
 g - a +1 crystal plate armour (worn)
 p - a +0 pair of boots (worn)
Jewellery
 i - a ring of protection from cold (left hand)
 o - a +4 ring of slaying (right hand) {mikee}
 v - an amulet of guardian spirit (around neck)
Scrolls
 b - 3 scrolls of identify
 k - 2 scrolls of brand weapon
Potions
 d - 2 potions of might
 f - 6 potions of curing
 j - 3 potions of cancellation
 n - a potion of mutation
 q - 3 potions of resistance
 r - a potion of attraction
 u - 2 potions of haste
 w - a potion of lignification {unknown}

Dungeon Overview and Level Annotations

Branches:
Dungeon (9/15)             Temple (0/1) D:4            Lair (0/5) D:9
Ossuary (visited)
    Orc: D:9-12

Altars:
Fedhas
Gozag
Hepliaklqana
Kikubaaqudgha
Qazlal
Vehumet
Wu Jian
Yredelemnul

Shops:
D:3 (   D:4 =(   D:5 !(

Annotations:
D:3 1 transporter, Vurut's ghost, amateur OgMo
D:6 3 runed translucent doors, qw's ghost, novice GrFi
D:7 1 runed translucent door
D:9 Tuyrink's ghost, journeyman OpWn


Message History

The death yak is heavily wounded.
You hit the death yak but do no damage. x2
The death yak gores you but does no damage.
You block the death yak's attack. The death yak gores you.
You slash the death yak!
You feel better.
The death yak is heavily wounded.
You hit the death yak.
You feel better.
You hit the death yak.
You feel better. The death yak gores you!! You block the death yak's attack.
The death yak gores you but does no damage. x2
The death yak gores you!
The death yak gores you but does no damage.
You hit the death yak but do no damage.
The death yak is severely wounded.
You slice the death yak!!
You feel better.
You slash the death yak!
You feel better.
You hit the death yak but do no damage.
The death yak is severely wounded.
You slash the death yak!
You feel better.
You slash the death yak!
You feel better. The death yak gores you! x2
The death yak gores you but does no damage.
9050 ||| READING scroll of teleportation.
As you read the scroll of teleportation, it crumbles to dust.
You feel strangely unstable. The death yak barely misses you.
The death yak gores you! x2
9051 ||| DRINKING potion of heal wounds.
You feel much better. You block the death yak's attack.
The death yak gores you but does no damage.
The death yak gores you!
You slash the death yak!
You feel better.
The death yak is almost dead.
You barely miss the death yak. You hit the death yak.
You feel better.
The death yak gores you but does no damage.
The death yak gores you. The death yak gores you!
You slash the death yak!
You kill the death yak!
You hit the death yak but do no damage. You slice the death yak!!
The death yak gores you!
You die...

##.....##}##...#
##......###...#
.+...........##
##....#.......##
##....##.YY.#..#
...#####..Y..#.#### ...#
#....YY..Y.# ...#
#....####YY##
################@Y>#
........#......#.###
........#......#.#######
........#......#.......#
'#<.#####............#.#
.#..# #..#...........#
#########..............#
#................#.....#
#.######....##.>.....###


You could see 4 death yaks.

Vanquished Creatures
  A two-headed ogre (D:8)
  3 death yaks (D:9)
  Pikel (D:6)
  Joseph (D:9)
  A troll (D:9)
  A hornet (D:9)
  Eustachio (D:4)
  4 yaks
  A vampire mosquito (D:9)
  A water moccasin (D:8)
  An ice beast (D:6)
  2 orc warriors
  A sky beast (D:6)
  3 ogres (D:6)
  3 centaurs
  A lemure (D:6)
  A phantom (D:5)
  2 kobold brigands
  3 elf zombies (Ossuary)
  3 bullfrogs
  A scorpion (D:4)
  A necrophage (D:5)
  12 wights
  4 howler monkeys
  4 human zombies
  10 orc priests
  6 centaur zombies (Ossuary)
  3 gnoll boudas
  6 hounds
  2 jellies (D:5)
  2 human skeletons (D:6)
  Natasha (thrice) (D:4)
  6 iguanas
  10 orc wizards
  3 mummies (Ossuary)
  2 adders
  19 gnolls
  3 shadow imps
  3 white imps
  3 worms (D:3)
  A dart slug (D:4)
  29 orcs
  4 bat zombies (D:5)
  6 endoplasms
  3 giant cockroaches
  3 hobgoblins
  2 jackals (D:4)
  3 quokkas
  5 ball pythons
  5 bats
  2 frilled lizards
  6 goblins
  A jackal skeleton (D:7)
  18 kobolds
  2 orc skeletons (D:6)
  An orc zombie (D:6)
  7 rats
  A rat zombie (D:5)
237 creatures vanquished.

Vanquished Creatures (others)
  A kobold (D:5)
  12 fungi (D:4)
  16 plants
29 creatures vanquished.

Grand Total: 266 creatures vanquished

Notes
Turn   | Place    | Note
-------+----------+-------------------------------------------
     0 | D:1      | qw the Gargoyle Fighter began the quest for the Orb.
     0 | D:1      | Reached XP level 1. HP: 14/14 MP: 1/1
     0 | D:1      | 0 ||| qw: Version: 0.1.0-9-gbc19398
     0 | D:1      | 0 ||| qw: Game counter: 53
     0 | D:1      | 0 ||| qw: Always use a shield: true
     0 | D:1      | 0 ||| qw: God list: Okawaru
     0 | D:1      | 0 ||| qw: Allow faded altars: false
     0 | D:1      | 0 ||| qw: Do Orc after D:15 true
     0 | D:1      | 0 ||| qw: Do second Lair branch before Depths: true
     0 | D:1      | 0 ||| qw: Lair rune preference: random
     0 | D:1      | 0 ||| qw: Plans: Normal, Zot:1-4, God:TSO, Crypt, Tomb,
                  | Pan, Slime:5, Hells, Abyss, Orb
     0 | D:1      | 0 ||| PLANNING D:1-11
   102 | D:1      | Reached skill level 2 in Axes
   108 | D:1      | Found a faded altar of an unknown god.
   439 | D:1      | Reached XP level 2. HP: 16/19 MP: 2/2
   703 | D:1      | 703 ||| DROPPING +0 club.
  1059 | D:1      | 1059 ||| UPGRADING to +0 crystal plate armour.
  1069 | D:1      | 1069 ||| DROPPING +0 scale mail.
  1070 | D:1      | 1070 ||| READING scroll labelled MAGHIZ OPSOTO.
  1071 | D:1      | 1071 ||| READING scroll labelled COJYFO AMMEMOCH.
  1072 | D:1      | 1072 ||| READING scroll labelled GUIZXI YRENLUANI.
  1073 | D:1      | 1073 ||| READING scroll labelled ACA PUEMEL.
  1076 | D:1      | 1076 ||| READING scroll labelled TOUFY XEPT.
  1077 | D:1      | 1077 ||| READING scroll labelled VELEMA ICETEG.
  1091 | D:2      | Found a radiant altar of Vehumet.
  1135 | D:2      | Reached skill level 3 in Axes
  1135 | D:2      | Reached XP level 3. HP: 23/23 MP: 3/3
  1544 | D:2      | 1544 ||| READING scroll labelled DUSSEHY ATIA.
  1545 | D:2      | 1545 ||| DRINKING 3 fuming coppery potions.
  1546 | D:2      | 1546 ||| DROPPING 2 potions of degeneration.
  1629 | D:3      | 1629 ||| Stepping ~*~*~tactically~*~*~ (hiding).
  1948 | D:3      | Found Gyzxowku's Weapon Emporium.
  1960 | D:3      | 1960 ||| Stepping ~*~*~tactically~*~*~ (stealth).
  1961 | D:3      | 1961 ||| Stepping ~*~*~tactically~*~*~ (stealth).
  1962 | D:3      | 1962 ||| Stepping ~*~*~tactically~*~*~ (stealth).
  1964 | D:3      | 1964 ||| Stepping ~*~*~tactically~*~*~ (stealth).
  1970 | D:3      | Reached XP level 4. HP: 28/28 MP: 4/4
  1970 | D:3      | 1970 ||| Stepping ~*~*~tactically~*~*~ (stealth).
  1971 | D:3      | 1971 ||| Stepping ~*~*~tactically~*~*~ (stealth).
  1985 | D:3      | Reached skill level 4 in Axes
  2125 | D:3      | 2125 ||| SHOPLISTING +3 mace of Meimiesu {flame, rF++ Int+5
                  | Dex-2} (716 gold, have 101).
  2214 | D:3      | Found a transporter.
  2216 | D:3      | Noticed an ogre
  2216 | D:3      | Noticed Vurut's ghost (amateur OgMo)
  2226 | D:3      | Noticed an ogre
  2459 | D:3      | 2459 ||| DRINKING 4 red potions.
  2460 | D:3      | 2460 ||| DRINKING 2 pink potions.
  2461 | D:3      | 2461 ||| READING 5 scrolls of identify.
  2461 | D:3      | 2461 ||| IDENTIFYING gluggy blue potion
  2462 | D:3      | 2462 ||| READING 4 scrolls of identify.
  2462 | D:3      | 2462 ||| IDENTIFYING cyan potion
  2463 | D:3      | 2463 ||| DROPPING potion of flight.
  2495 | D:4      | 2495 ||| STAIRDANCE
  2504 | D:3      | Reached XP level 5. HP: 18/32 MP: 5/5
  2507 | D:3      | Reached skill level 5 in Axes
  2659 | D:4      | 2659 ||| Stepping ~*~*~tactically~*~*~ (stealth).
  2662 | D:4      | 2662 ||| Stepping ~*~*~tactically~*~*~ (stealth).
  2668 | D:4      | Found a stormy altar of Qazlal.
  2678 | D:4      | Found Fiavece's Antique Weapon Shop.
  2681 | D:4      | Noticed Natasha
  2681 | D:4      | Noticed Eustachio
  2682 | D:4      | 2682 ||| Stepping ~*~*~tactically~*~*~ (hiding).
  2695 | D:4      | Killed Natasha
  2696 | D:4      | Reached XP level 6. HP: 35/37 MP: 6/6
  2707 | D:4      | Killed Eustachio
  2815 | D:4      | Found a staircase to the Ecumenical Temple.
  2845 | D:4      | Noticed Natasha
  2851 | D:4      | Killed Natasha
  3027 | D:4      | Found a blossoming altar of Fedhas.
  3136 | D:4      | Found the +7 Throatcutter {drain, coup de grace}
  3142 | D:4      | Reached XP level 7. HP: 44/44 MP: 7/7
  3310 | D:4      | Noticed Natasha
  3314 | D:4      | Killed Natasha
  3440 | D:4      | 3440 ||| Stepping ~*~*~tactically~*~*~ (stealth).
  3485 | D:4      | 3485 ||| READING scroll of enchant armour.
  3485 | D:4      | 3485 ||| ENCHANTING +0 crystal plate armour.
  3493 | D:4      | 3493 ||| DROPPING +0 mace.
  3734 | D:4      | Found Boafim's Jewellery Shop.
  3742 | D:4      | 3742 ||| SHOPLISTING +4 ring of evasion (432 gold, have
                  | 175).
  3742 | D:4      | 3742 ||| SHOPLISTING amulet of guardian spirit (360 gold,
                  | have 175).
  3742 | D:4      | 3742 ||| SHOPLISTING ring of positive energy (240 gold,
                  | have 175).
  3742 | D:4      | 3742 ||| SHOPLISTING ring of protection from cold (300
                  | gold, have 175).
  3742 | D:4      | 3742 ||| SHOPLISTING ring of see invisible (180 gold, have
                  | 175).
  3742 | D:4      | 3742 ||| UPGRADING to ring of protection from cold.
  3787 | D:5      | Entered Level 5 of the Dungeon
  3820 | D:5      | 3820 ||| Stepping ~*~*~tactically~*~*~ (stealth).
  3822 | D:5      | 3822 ||| Stepping ~*~*~tactically~*~*~ (hiding).
  3842 | D:5      | Found Falev's Distillery.
  3846 | D:5      | Reached skill level 1 in Throwing
  3852 | D:5      | 3852 ||| BUYING 2 potions of curing (84 gold).
  3852 | D:5      | Bought 2 potions of curing for 84 gold pieces
  3852 | D:5      | 3852 ||| BUYING potion of cancellation (112 gold).
  3852 | D:5      | Bought a potion of cancellation for 112 gold pieces
  3852 | D:5      | 3852 ||| SHOPLISTING potion of curing (42 gold, have 2).
  3852 | D:5      | 3852 ||| SHOPLISTING potion of heal wounds (70 gold, have
                  | 2).
  3852 | D:5      | 3852 ||| SHOPLISTING potion of mutation (112 gold, have 2).
  3853 | D:5      | 3853 ||| Stepping ~*~*~tactically~*~*~ (stealth).
  3855 | D:5      | 3855 ||| Stepping ~*~*~tactically~*~*~ (stealth).
  3864 | D:5      | Reached skill level 6 in Axes
  3864 | D:5      | 3864 ||| FLEEEEING.
  3865 | D:5      | 3865 ||| FLEEEEING.
  3866 | D:5      | 3866 ||| FLEEEEING.
  3867 | D:5      | 3867 ||| FLEEEEING.
  3868 | D:5      | 3868 ||| FLEEEEING.
  3869 | D:5      | 3869 ||| FLEEEEING.
  3870 | D:5      | 3870 ||| FLEEEEING.
  3871 | D:5      | 3871 ||| FLEEEEING.
  3872 | D:5      | 3872 ||| FLEEEEING.
  3873 | D:5      | 3873 ||| FLEEEEING.
  3874 | D:5      | 3874 ||| FLEEEEING.
  3875 | D:5      | 3875 ||| FLEEEEING.
  3876 | D:5      | 3876 ||| FLEEEEING.
  3878 | D:5      | 3878 ||| FLEEEEING.
  3879 | D:5      | 3879 ||| FLEEEEING.
  3880 | D:5      | 3880 ||| FLEEEEING.
  3881 | D:5      | 3881 ||| FLEEEEING.
  3882 | D:5      | 3882 ||| FLEEEEING.
  3883 | D:5      | 3883 ||| FLEEEEING.
  3884 | D:5      | 3884 ||| FLEEEEING.
  3885 | D:5      | 3885 ||| FLEEEEING.
  3886 | D:5      | 3886 ||| FLEEEEING.
  3887 | D:5      | 3887 ||| FLEEEEING.
  3888 | D:5      | 3888 ||| FLEEEEING.
  3889 | D:5      | 3889 ||| FLEEEEING.
  3890 | D:5      | 3890 ||| STAIRDANCE
  3928 | D:4      | 3928 ||| READING scroll labelled BIMUACLAEB.
  4109 | D:5      | 4109 ||| Stepping ~*~*~tactically~*~*~ (stealth).
  4111 | D:5      | 4111 ||| Stepping ~*~*~tactically~*~*~ (stealth).
  4113 | D:5      | 4113 ||| Stepping ~*~*~tactically~*~*~ (stealth).
  4116 | D:5      | 4116 ||| Stepping ~*~*~tactically~*~*~ (stealth).
  4118 | D:5      | 4118 ||| Stepping ~*~*~tactically~*~*~ (hiding).
  4119 | D:5      | 4119 ||| Stepping ~*~*~tactically~*~*~ (hiding).
  4121 | D:5      | 4121 ||| Stepping ~*~*~tactically~*~*~ (hiding).
  4235 | D:5      | 4235 ||| Stepping ~*~*~tactically~*~*~ (stealth).
  4244 | D:5      | Reached XP level 8. HP: 48/48 MP: 8/8
  4293 | D:5      | 4293 ||| Stepping ~*~*~tactically~*~*~ (stealth).
  4298 | D:5      | 4298 ||| DRINKING 3 potions of curing.
  4298 | D:5      | 4298 ||| (to cure confusion)
  4319 | D:5      | Reached skill level 7 in Axes
  4347 | D:5      | Found an ornate altar of the Wu Jian Council.
  4421 | D:5      | Found an ancient bone altar of Kikubaaqudgha.
  4752 | D:5      | 4752 ||| Stepping ~*~*~tactically~*~*~ (stealth).
  4754 | D:5      | 4754 ||| Stepping ~*~*~tactically~*~*~ (stealth).
  4771 | D:5      | 4771 ||| Stepping ~*~*~tactically~*~*~ (stealth).
  4775 | D:5      | 4775 ||| Stepping ~*~*~tactically~*~*~ (stealth).
  4777 | D:5      | 4777 ||| Stepping ~*~*~tactically~*~*~ (hiding).
  4780 | D:5      | 4780 ||| FLEEEEING.
  4838 | D:5      | Found Gonnocep's Weapon Emporium.
  5043 | D:5      | 5043 ||| UPGRADING to +4 ring of slaying {mikee}.
  5044 | D:5      | 5044 ||| READING 4 scrolls of identify.
  5044 | D:5      | 5044 ||| IDENTIFYING dark potion
  5068 | D:6      | 5068 ||| PLANNING OSSUARY
  5077 | D:6      | 5077 ||| Stepping ~*~*~tactically~*~*~ (stealth).
  5079 | D:6      | 5079 ||| Stepping ~*~*~tactically~*~*~ (stealth).
  5081 | D:6      | 5081 ||| Stepping ~*~*~tactically~*~*~ (stealth).
  5083 | D:6      | 5083 ||| Stepping ~*~*~tactically~*~*~ (stealth).
  5096 | D:6      | HP: 8/49 [orc warrior/+0 trident (12)]
  5097 | D:6      | 5097 ||| READING 2 scrolls of teleportation.
  5098 | D:6      | 5098 ||| DRINKING 4 potions of heal wounds.
  5104 | D:6      | Reached skill level 6 in Armour
  5151 | D:6      | 5151 ||| Stepping ~*~*~tactically~*~*~ (hiding).
  5242 | D:6      | Found a hazy altar of Hepliaklqana.
  5373 | D:6      | Found a sand-covered staircase.
  5385 | D:6      | Reached skill level 8 in Axes
  5399 | D:6      | 5399 ||| DRINKING 3 blue potions.
  5400 | D:6      | 5400 ||| READING 4 scrolls of identify.
  5400 | D:6      | 5400 ||| IDENTIFYING puce potion
  5401 | D:6      | 5401 ||| READING 3 scrolls of identify.
  5401 | D:6      | 5401 ||| IDENTIFYING glowing green potion
  5402 | D:6      | 5402 ||| DROPPING potion of brilliance.
  5406 | Ossuary  | Entered an ossuary
  5416 | Ossuary  | Reached XP level 9. HP: 54/54 MP: 9/9
  5441 | Ossuary  | Reached skill level 6 in Fighting
  5506 | Ossuary  | Reached skill level 1 in Dodging
  5648 | Ossuary  | 5648 ||| READING 2 scrolls labelled BEETWI FOOBB.
  5649 | Ossuary  | 5649 ||| READING scroll labelled YGUJUE MIOKOZU.
  5650 | Ossuary  | 5650 ||| READING scroll labelled PYLYSO ZAZUFI.
  5651 | Ossuary  | 5651 ||| READING scroll labelled BAISAT KIPRUHI.
  5652 | Ossuary  | 5652 ||| DROPPING scroll of fear.
  5664 | D:6      | 5664 ||| PLANNING D:1-11
  5736 | D:6      | Found a runed translucent gate.
  5736 | D:6      | Found a runed translucent gate.
  5737 | D:6      | Found a runed translucent gate.
  5738 | D:6      | Noticed qw's ghost (novice GrFi)
  5838 | D:6      | Reached skill level 9 in Axes
  5870 | D:6      | 5870 ||| READING 3 scrolls of enchant weapon.
  5870 | D:6      | 5870 ||| ENCHANTING +0 vampiric war axe.
  5871 | D:6      | 5871 ||| READING 2 scrolls of enchant weapon.
  5871 | D:6      | 5871 ||| ENCHANTING +1 vampiric war axe.
  5872 | D:6      | 5872 ||| READING scroll of enchant weapon.
  5872 | D:6      | 5872 ||| ENCHANTING +2 vampiric war axe.
  6286 | D:6      | 6286 ||| UPGRADING to +0 pair of boots.
  6320 | D:7      | 6320 ||| Stepping ~*~*~tactically~*~*~ (stealth).
  6321 | D:7      | 6321 ||| STAIRDANCE
  6463 | D:7      | 6463 ||| STAIRDANCE
  6526 | D:7      | 6526 ||| STAIRDANCE
  6610 | D:7      | 6610 ||| STAIRDANCE
  6653 | D:7      | Noticed Pikel
  6654 | D:7      | 6654 ||| STAIRDANCE
  6660 | D:6      | Reached XP level 10. HP: 58/61 MP: 10/10
  6666 | D:6      | Killed Pikel
  6711 | D:7      | 6711 ||| STAIRDANCE
  6778 | D:7      | 6778 ||| STAIRDANCE
  6883 | D:7      | 6883 ||| STAIRDANCE
  6936 | D:7      | 6936 ||| FLEEEEING.
  6937 | D:7      | 6937 ||| STAIRDANCE
  7005 | D:7      | 7005 ||| STAIRDANCE
  7043 | D:7      | 7043 ||| STAIRDANCE
  7153 | D:7      | Found a runed translucent door.
  7157 | D:7      | Found a basalt altar of Yredelemnul.
  7162 | D:7      | Found an opulent altar of Gozag.
  7190 | D:7      | 7190 ||| FLEEEEING.
  7203 | D:7      | 7203 ||| FLEEEEING.
  7206 | D:7      | 7206 ||| FLEEEEING.
  7207 | D:7      | 7207 ||| FLEEEEING.
  7209 | D:7      | 7209 ||| FLEEEEING.
  7210 | D:7      | 7210 ||| FLEEEEING.
  7211 | D:7      | 7211 ||| FLEEEEING.
  7216 | D:7      | 7216 ||| FLEEEEING.
  7217 | D:7      | 7217 ||| FLEEEEING.
  7221 | D:7      | 7221 ||| STAIRDANCE
  7296 | D:7      | 7296 ||| STAIRDANCE
  7337 | D:7      | 7337 ||| Stepping ~*~*~tactically~*~*~ (hiding).
  7397 | D:7      | 7397 ||| Stepping ~*~*~tactically~*~*~ (hiding).
  7398 | D:7      | 7398 ||| Stepping ~*~*~tactically~*~*~ (hiding).
  7706 | D:7      | 7706 ||| READING 2 scrolls of identify.
  7706 | D:7      | 7706 ||| IDENTIFYING amethyst potion
  7707 | D:7      | 7707 ||| DROPPING potion of invisibility.
  7722 | D:8      | 7722 ||| STAIRDANCE
  7735 | D:8      | 7735 ||| STAIRDANCE
  7740 | D:8      | 7740 ||| STAIRDANCE
  7769 | D:8      | 7769 ||| Stepping ~*~*~tactically~*~*~ (hiding).
  7790 | D:8      | Reached skill level 10 in Axes
  8155 | D:8      | 8155 ||| Stepping ~*~*~tactically~*~*~ (stealth).
  8207 | D:8      | 8207 ||| Stepping ~*~*~tactically~*~*~ (hiding).
  8357 | D:8      | Noticed a two-headed ogre
  8364 | D:8      | Killed a two-headed ogre
  8365 | D:8      | Reached skill level 9 in Armour
  8516 | D:8      | 8516 ||| UPGRADING to amulet of guardian spirit.
  8562 | D:9      | 8562 ||| STAIRDANCE
  8569 | D:9      | 8569 ||| STAIRDANCE
  8658 | D:9      | Reached skill level 3 in Throwing
  8682 | D:9      | Noticed Tuyrink's ghost (journeyman OpWn)
  8697 | D:9      | Noticed a death yak
  8698 | D:9      | Noticed a death yak
  8699 | D:9      | Found a staircase to the Lair.
  8699 | D:9      | Noticed a death yak
  8699 | D:9      | Noticed a death yak
  8700 | D:9      | Noticed a death yak
  8701 | D:9      | Noticed a death yak
  8701 | D:9      | Noticed a death yak
  8702 | D:9      | 8702 ||| Stepping ~*~*~tactically~*~*~ (stealth).
  8705 | D:9      | 8705 ||| Stepping ~*~*~tactically~*~*~ (stealth).
  8709 | D:9      | HP: 13/64 [death yak (8)]
  8710 | D:9      | 8710 ||| READING 2 scrolls of teleportation.
  8710 | D:9      | HP: 5/64 [death yak (9)]
  8711 | D:9      | 8711 ||| DRINKING 3 potions of heal wounds.
  8712 | D:9      | 8712 ||| DRINKING 2 potions of heal wounds.
  8714 | D:9      | 8714 ||| DRINKING potion of heal wounds.
  8846 | D:9      | Noticed Joseph
  8847 | D:9      | 8847 ||| Stepping ~*~*~tactically~*~*~ (hiding).
  8862 | D:9      | Killed Joseph
  8863 | D:9      | Reached XP level 11. HP: 67/68 MP: 11/11
  8879 | D:9      | 8879 ||| Stepping ~*~*~tactically~*~*~ (hiding).
  9027 | D:9      | 9027 ||| Stepping ~*~*~tactically~*~*~ (stealth).
  9029 | D:9      | 9029 ||| Stepping ~*~*~tactically~*~*~ (stealth).
  9036 | D:9      | Killed a death yak
  9037 | D:9      | Reached skill level 11 in Axes
  9044 | D:9      | Killed a death yak
  9049 | D:9      | HP: 16/69 [death yak (13)]
  9050 | D:9      | 9050 ||| READING scroll of teleportation.
  9050 | D:9      | HP: 2/69 [death yak (7)]
  9051 | D:9      | 9051 ||| DRINKING potion of heal wounds.
  9053 | D:9      | Killed a death yak
  9053 | D:9      | Mangled by a death yak

Levels and vault maps discovered:
D:1:      amcnicky_arrival_feature_with_door, layout_basic,
          hellmonk_ecumenical_altar_zigzags
D:2:      layout_rooms, basic_altar, grunt_decor_mini_mirrors,
          grunt_decor_resistance, dreamdust_mushroom_princess,
          kennysheep_generic_room_4
D:3:      layout_loops_cross, gammafunk_ghost_smash, serial_shops,
          nicolae_diamond_shop
D:4:      layout_loops_ring, grunt_temple_overflow_forces_of_nature,
          temple_doors_e, serial_aquarium, aquarium_bridge_straight
          [aquarium_subvault_bridge, aquarium_subvault_wall,
          aquarium_subvault_bridge, aquarium_subvault_wall],
          aquarium_bridge_straight [aquarium_subvault_bridge,
          aquarium_subvault_wall, aquarium_subvault_bridge,
          aquarium_subvault_balcony], aquarium_window_3, aquarium_window_1,
          aquarium_window_1, aquarium_window_1, aquarium_view_2d,
          aquarium_view_2e, aquarium_pool_2, serial_shops, shop,
          nicolae_shop_overgrown_old_shop, minmay_misc_feat_roman,
          dilly_guarded_unrand_throatcut, uniq_natasha, uniq_eustachio
D:5:      layout_basic, lemuel_zombie_altar_kikubaaqudgha, kennysheep_mini,
          serial_shops, shop, shop, lexackson_kobold_supper
D:6:      layout_loops_cross, mainiacjoe_overflow_small_starburst,
          nicolae_ossuary_entry_catacombs, gammafunk_ghost_necromancy
D:7:      layout_rooms, nicolae_gozag_seed_capital, dk_yredelemnul_ordeal,
          uniq_pikel
D:8:      layout_loops_ring, hangedman_abyss_or_decor_passed
D:9:      minmay_skewed_foursquare, layout_basic, lemuel_coloured_pillars_altar,
          dpeg_lair_monsters, hellmonk_ghost_happy_afterlife, enter_bailey_6,
          minivault_25, uniq_joseph

Skill      XL: |  1  2  3  4  5  6  7  8  9 10 11 |
---------------+----------------------------------+-----
Axes           | 2 3 4 5 6 8 9 10 11 | 11.2
Armour         | 4 5 6 8 9 |  9.6
Fighting       | 4 5 6 8 |  8.6
Throwing       | 1 2 3 |  3.2
Dodging        | 1 |  1.1
Shields        | 5 |  5.1

Action                   |  1- 3 |  4- 6 |  7- 9 | 10-12 || total
-------------------------+-------+-------+-------+-------++-------
Melee: War axe           |   124 |   105 |   407 |   204 ||   840
Throw: Javelin           |       |       |    45 |    29 ||    74
       Boomerang         |       |       |       |     2 ||     2
  Use: Scroll            |     7 |     2 |    13 |     3 ||    25
       Potion            |     1 |     2 |     3 |     4 ||    10
Armor: Scale mail        |    38 |       |       |       ||    38
       Crystal plate arm |    52 |    99 |   369 |   183 ||   703
Dodge: Dodged            |    37 |     8 |    60 |    39 ||   144
Block: Buckler           |    17 |    22 |    75 |    40 ||   154

Table legend:
 A = Non-vault XP
 B = Vault XP
 C = Vault XP percentage of total XP
 D = Non-vault monster count
 E = Vault monster count
 F = Vault count percentage of total count
                 A         B        C        D         E       F
            +---------+---------+-------+---------+---------+-------
      Total |    6812 |    5559 |  44.9 |     184 |      52 |  22.0
            +---------+---------+-------+---------+---------+-------
        D:1 |      28 |       0 |   0.0 |      20 |       0 |   0.0
        D:2 |      17 |       2 |  10.5 |       3 |       1 |  25.0
        D:3 |     192 |       0 |   0.0 |      20 |       0 |   0.0
        D:4 |     270 |     246 |  47.7 |      21 |       8 |  27.6
        D:5 |     865 |     113 |  11.6 |      29 |      12 |  29.3
        D:6 |    2595 |     762 |  22.7 |      39 |       7 |  15.2
        D:7 |     495 |       1 |   0.2 |      18 |       1 |   5.3
        D:8 |    1731 |       0 |   0.0 |      28 |       0 |   0.0
        D:9 |     619 |    3682 |  85.6 |       6 |       8 |  57.1
    Ossuary |       0 |     753 | 100.0 |       0 |      15 | 100.0
            +---------+---------+-------+---------+---------+-------
